 Dungeon Sprint DCSS version 0.27.1-33-g824d729ab1 (console) character file.

Game seed: 489655894451282508

534542 Banquo the Formicid Aeon (level 22, 212/212 HPs)
             Began as a Formicid Fighter on Dec 29, 2021.
             Was the Champion of Cheibriados.
             Escaped with the Orb!
             The game lasted 00:57:33 (3069 turns).

Banquo the Formicid Aeon (Formicid Fighter)         Turns: 3069, Time: 00:57:33

Health: 212/212    AC: 52    Str: 44    XL:     22   Next: 14%
Magic:  39/39      EV: 27    Int: 25    God:    Cheibriados [******]
Gold:   0          SH: 45    Dex: 27    Spells: 21/21 levels left

rFire    + + .     SeeInvis +   a - +14 obsidian axe {vorpal, Mesm Drain Fly SInv}
rCold    + + .     Faith    .   i - +18 shield of the Gong {rElec rN+ Will+ EV-5}
rNeg     + . .     Spirit   .   d - +9 scales of the Dragon King {rPois rF+ rC+ Will+}
rPois    +         Reflect  +   (helmet unavailable)
rElec    +         Harm     .   e - scarf {rC+ rF+}
rCorr    .         Rampage  .   g - +2 pair of gloves {Stlth+}
Will     ++++.                  f - +2 pair of boots {Fly}
Stlth    ..........             T - amulet of reflection
HPRegen  0.45/turn              S - ring of the Tortoise {AC+8}
MPRegen  0.26/turn              N - ring "Sirirhoija" {rElec Dex+2 Slay+4}

@: flying, studying 5 skills, very slow
A: permanent stasis, dig shafts and tunnels, antennae 3, four strong arms
0: Orb of Zot
a: Dig, Renounce Religion, Bend Time, Temporal Distortion, Slouch, Step From
Time


You escaped.
You worshipped Cheibriados.
Cheibriados was exalted by your worship.
You visited 1 branch

Inventory:

Hand Weapons
 a - the +14 obsidian axe (weapon) {vorpal, Mesm Drain Fly SInv}
   (You found it in the Dungeon)

   It inflicts extra damage upon your enemies.
   It occasionally summons demons to assist the wielder when it strikes in
   combat.
   Its wielder is mesmerised by any visible foes.
   It cannot be unequipped while any foes are visible.
   SInv:      It lets you see invisible.
   Fly:       It grants you flight.
   Drain:     It drains your maximum health when unequipped.
 b - a +9 executioner's axe of flaming
 s - the +6 shillelagh "Devastator" {shatter}
   (You found it in the Dungeon)

   It releases a powerful concussive burst when it strikes, dealing extra damage
   to the target and all other foes adjacent to them.
 M - the +11 whip of the Omega Point {protect, rF+ rC+ Int-4}
   (You took it off a black draconian in the Dungeon)

   It grants its wielder temporary protection when it strikes (+7 to AC).
   Int:       It affects your intelligence (-4).
   rF:        It protects you from fire.
   rC:        It protects you from cold.
 Q - the +6 battleaxe "Daiwauv" {spect, Str+5 Dex+5}
   (You took it off a vault guard in the Dungeon)

   When its wielder attacks, the weapon's spirit leaps out and strikes again.
   The spirit shares a part of any damage it takes with its wielder.
   Str:       It affects your strength (+5).
   Dex:       It affects your dexterity (+5).
Missiles
 t - 6 boomerangs
Armour
 d - the +9 scales of the Dragon King (worn) {rPois rF+ rC+ Will+}
   (You found it in the Dungeon)

   rF:        It protects you from fire.
   rC:        It protects you from cold.
   rPois:     It protects you from poison.
   Will:      It increases your willpower.
 e - a scarf of resistance (worn)
 f - a +2 pair of boots of flying (worn)
 g - a +2 pair of gloves of stealth (worn)
 i - the +18 shield of the Gong (worn) {rElec rN+ Will+ EV-5}
   (You found it in the Dungeon)

   It is deafeningly noisy when blocking attacks.
   EV:        It affects your evasion (-5).
   rElec:     It insulates you from electricity.
   rN:        It protects you from negative energy.
   Will:      It increases your willpower.
 m - the +2 pair of boots "Ruxtexke" {rPois rF+ rN+ Dex-2}
   (You found it in the Dungeon)

   Dex:       It affects your dexterity (-2).
   rF:        It protects you from fire.
   rPois:     It protects you from poison.
   rN:        It protects you from negative energy.
 U - a +0 cloak of preservation
Jewellery
 k - the ring "Keaquoh" {rPois Will+ rCorr}
   (You found it in the Dungeon)

   [ring of willpower]

   rPois:     It protects you from poison.
   rCorr:     It protects you from acid and corrosion.
   Will:      It increases your willpower.
 l - the ring of Shadows {Umbra +Inv Stlth+}
   (You found it in the Dungeon)

   [ring of stealth]

   It surrounds you with an aura of shadow, increasing your stealth and reducing
   the accuracy of all within it (including the wearer).
   +Inv:      It lets you turn invisible.
   Stlth:     It makes you more stealthy.
 n - a ring of magical power
 o - the ring of Creativity {rCorr Int+4 Dex-3 Slay+4 Stlth+}
   (You acquired it in the Dungeon)

   [ring of slaying]

   Int:       It affects your intelligence (+4).
   Dex:       It affects your dexterity (-3).
   Slay:      It affects your accuracy & damage with ranged weapons and melee
   (+4).
   rCorr:     It protects you from acid and corrosion.
   Stlth:     It makes you more stealthy.
 p - the amulet of Govemne {Faith rElec rC+ Int+4}
   (You took it off a white draconian in the Dungeon)

   [amulet of faith]

   It allows you to gain divine favour quickly.
   Int:       It affects your intelligence (+4).
   rC:        It protects you from cold.
   rElec:     It insulates you from electricity.
 G - the ring "Betis" {rPois rF+ Str-3 Slay+4 Stlth+}
   (You took it off a draconian scorcher in the Dungeon)

   [ring of protection from fire]

   Str:       It affects your strength (-3).
   Slay:      It affects your accuracy & damage with ranged weapons and melee
   (+4).
   rF:        It protects you from fire.
   rPois:     It protects you from poison.
   Stlth:     It makes you more stealthy.
 H - the ring of Luti {rC+ Int+6 Stlth+}
   (You found it in the Dungeon)

   [ring of intelligence]

   Int:       It affects your intelligence (+6).
   rC:        It protects you from cold.
   Stlth:     It makes you more stealthy.
 N - the ring "Sirirhoija" (right hand) {rElec Dex+2 Slay+4}
   (You found it in the Dungeon)

   [ring of slaying]

   Dex:       It affects your dexterity (+2).
   Slay:      It affects your accuracy & damage with ranged weapons and melee
   (+4).
   rElec:     It insulates you from electricity.
 S - the ring of the Tortoise (left hand) {AC+8}
   (You took it off an efreet in the Dungeon)

   [ring of protection]

   AC:        It affects your AC (+8).
 T - an amulet of reflection (around neck)
 V - the ring of the Jester {Will+ Str+6 Int+4}
   (You found it in the Dungeon)

   [ring of willpower]

   Str:       It affects your strength (+6).
   Int:       It affects your intelligence (+4).
   Will:      It increases your willpower.
 W - the ring of Myurgh {rC+ Str+3 Int+3 Slay+3}
   (You took it off a white draconian in the Dungeon)

   [ring of protection from cold]

   Str:       It affects your strength (+3).
   Int:       It affects your intelligence (+3).
   Slay:      It affects your accuracy & damage with ranged weapons and melee
   (+3).
   rC:        It protects you from cold.
 X - a ring of magical power
Wands
 h - a wand of mindburst (7)
 j - a wand of acid (7)
 u - a wand of iceblast (7)
Scrolls
 x - 2 scrolls of enchant armour
 y - 8 scrolls of fog
 z - a scroll of holy word
 A - 5 scrolls of identify
 B - 2 scrolls of fear
 J - 3 scrolls of brand weapon
Potions
 v - 6 potions of might
 C - 2 potions of brilliance
 D - 2 potions of invisibility
 E - 2 potions of resistance
 F - 18 potions of heal wounds
 P - 10 potions of curing
 Z - 6 potions of magic
Miscellaneous
 c - a phial of floods
 r - a lightning rod (4/4)
 w - a condenser vane
 I - a box of beasts
 O - a phantom mirror


   Skills:
 O Level 27 Fighting
 O Level 27 Axes
 + Level 20.8(26.1) Maces & Flails
 - Level 18.5(24.6) Polearms
 O Level 27 Armour
 O Level 27 Dodging
 O Level 27 Shields
 O Level 27 Invocations
 O Level 27 Evocations


You had 21 spell levels left.
You didn't know any spells.
Your spell library contained the following spells:

 Spells                   Type           Power      Damage    Failure   Level
 Animate Skeleton         Necr           0%         N/A       41%         1
 Apportation              Tloc           0%         N/A       41%         1
 Corona                   Hex            0%         N/A       41%         1
 Freeze                   Ice            0%         1d3       41%         1
 Magic Dart               Conj           0%         1d3       41%         1
 Pain                     Necr           0%         1d4       41%         1
 Shock                    Conj/Air       0%         1d3       41%         1
 Sting                    Tmut/Pois      0%         1d3       41%         1
 Summon Small Mammal      Summ           0%         N/A       41%         1
 Corpse Rot               Necr/Air       N/A        N/A       54%         2
 Ensorcelled Hibernation  Hex/Ice        0%         N/A       54%         2
 Poisonous Vapours        Pois/Air       0%         N/A       54%         2
 Searing Ray              Conj           0%         3d3       54%         2
 Slow                     Hex            0%         N/A       54%         2
 Static Discharge         Conj/Air       0%         N/A       54%         2
 Sublimation of Blood     Necr           0%         N/A       54%         2
 Call Canine Familiar     Summ           0%         N/A       78%         3
 Conjure Flame            Conj/Fire      0%         6-21      78%         3
 Dazzling Flash           Conj/Hex       0%         N/A       78%         3
 Gell's Gravitas          Tloc           0%         N/A       78%         3
 Ignite Poison            Fire/Tmut/Pois 0%         N/A       78%         3
 Inner Flame              Hex/Fire       0%         N/A       78%         3
 Lesser Beckoning         Tloc           0%         N/A       78%         3
 Mephitic Cloud           Conj/Pois/Air  0%         N/A       78%         3
 Ozocubu's Armour         Ice            0%         N/A       78%         3
 Portal Projectile        Hex/Tloc       0%         N/A       78%         3
 Spider Form              Tmut/Pois      0%         N/A       78%         3
 Stone Arrow              Conj/Erth      0%         3d7       78%         3
 Summon Guardian Golem    Hex/Summ       0%         N/A       78%         3
 Teleport Other           Tloc           0%         N/A       78%         3
 Tukima's Dance           Hex            0%         N/A       78%         3
 Vampiric Draining        Necr           0%         2d6       78%         3
 Airstrike                Air            0%         N/A       99%         4
 Animate Armour           Summ/Erth      0%         N/A       99%         4
 Animate Dead             Necr           0%         N/A       99%         4
 Cause Fear               Hex            0%         N/A       99%         4
 Dispel Undead            Necr           0%         3d6       99%         4
 Fulminant Prism          Conj/Hex       0%         3d6       99%         4
 Hailstorm                Conj/Ice       0%         3d3       99%         4
 Ice Form                 Ice/Tmut       0%         N/A       99%         4
 Iskenderun's Mystic Bla  Conj/Tloc      0%         2d3       99%         4
 Leda's Liquefaction      Hex/Erth       0%         N/A       99%         4
 Passage of Golubria      Tloc           N/A        N/A       99%         4
 Petrify                  Tmut/Erth      0%         N/A       99%         4
 Sticky Flame             Conj/Fire      0%         2d3       99%         4
 Summon Ice Beast         Ice/Summ       0%         N/A       99%         4
 Summon Lightning Spire   Summ/Air       0%         N/A       99%         4
 Agony                    Necr           0%         N/A       100%        5
 Blade Hands              Tmut           0%         N/A       100%        5
 Bolt of Magma            Conj/Fire/Erth 0%         4d4       100%        5
 Borgnjor's Vile Clutch   Necr/Erth      0%         N/A       100%        5
 Excruciating Wounds      Necr           0%         N/A       100%        5
 Freezing Cloud           Conj/Ice/Air   0%         6-21      100%        5
 Irradiate                Conj/Tmut      0%         3d14      100%        5
 Lee's Rapid Deconstruct  Erth           0%         3d5*      100%        5
 Lightning Bolt           Conj/Air       0%         1d11      100%        5
 Manifold Assault         Tloc           0%         N/A       100%        5
 Metabolic Englaciation   Hex/Ice        0%         N/A       100%        5
 Silence                  Hex/Air        0%         N/A       100%        5
 Summon Forest            Summ/Tloc      0%         N/A       100%        5
 Summon Mana Viper        Hex/Summ       0%         N/A       100%        5
 Yara's Violent Unravell  Hex/Tmut       0%         3d3       100%        5
 Conjure Ball Lightning   Conj/Air       0%         3x3d6     100%        6
 Death Channel            Necr           0%         N/A       100%        6
 Dispersal                Tloc           0%         N/A       100%        6
 Eringya's Noxious Bog    Tmut/Pois      0%         N/A       100%        6
 Iron Shot                Conj/Erth      0%         9d1       100%        6
 Shadow Creatures         Summ           N/A        N/A       100%        6
 Simulacrum               Ice/Necr       0%         N/A       100%        6
 Statue Form              Tmut/Erth      0%         N/A       100%        6
 Dragon Form              Tmut           0%         N/A       100%        7
 Haunt                    Necr/Summ      0%         N/A       100%        7
 Malign Gateway           Summ/Tloc      0%         N/A       100%        7
 Monstrous Menagerie      Summ           0%         N/A       100%        7
 Orb of Destruction       Conj           0%         N/A       100%        7
 Ozocubu's Refrigeration  Ice            0%         4d5       100%        7
 Spellforged Servitor     Conj/Summ      0%         N/A       100%        7
 Storm Form               Tmut/Air       0%         N/A       100%        7
 Discord                  Hex            0%         N/A       100%        8
 Ignition                 Fire           0%         3d3       100%        8
 Infestation              Necr           0%         N/A       100%        8
 Lehudib's Crystal Spear  Conj/Erth      0%         10d2      100%        8
 Maxwell's Capacitive Co  Air            0%         ∞         100%        8
 Summon Horrible Things   Summ           0%         N/A       100%        8
 Death's Door             Necr           0%         N/A       100%        9
 Dragon's Call            Summ           0%         N/A       100%        9
 Fire Storm               Conj/Fire      0%         5d1       100%        9
 Blink                    Tloc           Unusable   N/A       N/A         2
 Swiftness                Air            Unusable   N/A       N/A         3

Dungeon Overview and Level Annotations

Branches:
Dungeon (1/1)

Altars:
Ashenzari
Cheibriados
Dithmenos
Elyvilon
Fedhas
Gozag
Hepliaklqana
Kikubaaqudgha
Makhleb
Nemelex Xobeh
Okawaru
Qazlal
Ru
Sif Muna
Trog
Uskayaw
Vehumet
Wu Jian
Xom
Yredelemnul
Zin
The Shining One
Beogh
Jiyva
Lugonu


Innate Abilities, Weirdness & Mutations

You cannot be hasted, slowed, berserked, paralysed or teleported.
You can dig through walls and to a lower floor.
You have a pair of large antennae on your head. (SInv)
Your four strong arms can wield two-handed weapons with a shield.


Message History

You see here 4 potions of haste.
You see here a +0 dagger of protection.
You see here a +4 ring of evasion.
You see here a book of Callings.
You see here the +11 halberd "Orb Guardian's Doom" {drain, Str+4 Int+6 Dex-5 SInv}.
You see here a staff of cold.
You see here a staff of fire.
You see here the ring "Woanuv" {rElec rPois Int+6 Dex-4 Stlth+}.
Drop what? 52/52 slots (_ for help) (? for menu, Esc to quit)
You drop a +2 vorpal spear.
Drop what? 51/52 slots (_ for help) (? for menu, Esc to quit)
You drop the +0 pair of boots of an ossuary {rPois rF+ Dex+4}.
You start putting on your armour.
You continue putting on your +1 pair of gloves of stealth. x4
You finish putting on your +1 pair of gloves of stealth.
You feel stealthy.
Unknown command.
As you read the scroll of enchant armour, it crumbles to dust.
Your +1 pair of gloves of stealth glows green for a moment.
Drop what? 50/52 slots (_ for help) (? for menu, Esc to quit)
You drop a ring of protection from fire.
You drop a +4 ring of slaying.
You drop a +4 ring of protection.
Drop what? 47/52 slots (_ for help) (? for menu, Esc to quit)
Okay, then.
Unknown command.
You see here a condenser vane.
There is a transporter here.
An exit appears before you!
You enter the transporter and appear at another place.
Found the Orb of Zot.
Found a staircase leading out of the dungeon.
You see here the Orb of Zot.
You pick up the Orb of Zot!
The Orb lets out a hideous shriek!
The lords of Pandemonium are not amused.
Beware!
Cheibriados tells them not to hurry.
Now all you have to do is get back out of the dungeon!
Unknown command.
There is a staircase leading out of the dungeon here.
You have escaped!

............▓.............▓...8©8
............▓.............▓....!|
..††........▓.............▓..=}|=
....†.......▓.............▓...†..
...†.†......▓......©......▓......
............▓▓▓▓▓▓▓▓▓▓▓▓▓▓▓......
...†........▓8888888888888▓...†††
............▓8...........8▓..▓...
............▓8..@.....©..8▓......
............▓8...........8▓....©.
....©.......▓8888888888888▓▓▓▓▓▓▓
▓▓▓▓▓▓▓▓▓▓▓▓▓▓▓▓▓▓▓▓▓▓▓▓▓▓▓▓▓▓▓▓▓
.....8©8........▓........8©8.....
..).|}}[)..))...▓..![[|}[[}.)):|)
[|}|):.}|}))[:).▓.[[).:|)|))})}[:
.}.)}})))..=)[).▓.}=)}=:..)).[}.)
................▓.......):).)....


There were no monsters in sight!

Vanquished Creatures
  4 ancient liches (D)
  A caustic shrike (shapeshifter) (D)
  A shard shrike (D)
  3 shard shrikes (shapeshifter) (D)
  A golden dragon (D)
  A golden dragon (shapeshifter) (D)
  8 liches (D)
  5 tentacled monstrosities (D)
  31 Orb Guardians (D)
  A titan (shapeshifter) (D)
  2 quicksilver dragons (D)
  3 death cobs (D)
  An Executioner (D)
  A tentacled starspawn (D)
  A shadow dragon (shapeshifter) (D)
  7 shadow dragons (D)
  A draconian monk (D)
  3 storm dragons (D)
  2 fire giants (D)
  2 rockslimes (shapeshifter) (D)
  8 nagarajas (D)
  2 frost giants (D)
  6 ghost moths (D)
  2 draconian knights (D)
  3 iron dragons (D)
  2 draconian scorchers (D)
  2 emperor scorpions (D)
  2 ghost moths (shapeshifter) (D)
  A draconian annihilator (D)
  2 reapers (D)
  2 stone giants (D)
  14 black draconians (D)
  10 green draconians (D)
  2 entropy weavers (D)
  4 red draconians (D)
  11 yellow draconians (D)
  6 purple draconians (D)
  14 white draconians (D)
  5 blizzard demons (D)
  A fire dragon (D)
  A rakshasa (D)
  2 ice dragons (D)
  5 naga warriors (D)
  21 vault guards (D)
  2 hydras (D)
  12 anacondas (D)
  4 hell hogs (D)
  A death yak (D)
  A shock serpent (shapeshifter) (D)
  2 large abominations (D)
  An iron golem (D)
  A soul eater (D)
  2 wretched stars (D)
  A skeletal warrior (D)
  2 orb spiders (D)
  10 wolf spiders (D)
  A faun (shapeshifter) (D)
  11 moths of wrath (D)
  A moth of wrath (shapeshifter) (D)
  18 guardian serpents (D)
  4 draconians (D)
  A black mamba (shapeshifter) (D)
  An elephant (shapeshifter) (D)
  4 naga magi (D)
  A torpor snail (shapeshifter) (D)
  10 black mambas (D)
  A torpor snail (D)
  A water nymph (shapeshifter) (D)
  2 cane toads (D)
  A gargoyle (D)
  A komodo dragon (shapeshifter) (D)
  5 freezing wraiths (D)
  A rime drake (D)
  8 demonic crawlers (D)
  3 efreet (D)
  3 yaktaurs (D)
  A hellwing (D)
  7 ice devils (D)
  A tormentor (D)
  A komodo dragon (D)
  A guardian mummy (D)
  A queen bee (shapeshifter) (D)
  A meliai (D)
  2 polar bears (D)
  10 jumping spiders (D)
  A troll (shapeshifter) (D)
  3 merfolk (D)
  10 hornets (D)
  2 blink frogs (D)
  A slime creature (D)
  A snapping turtle (shapeshifter) (D)
  A dream sheep (shapeshifter) (D)
  2 small abominations (D)
  3 flying skulls (D)
  A yak (D)
  8 redbacks (D)
  A spriggan (shapeshifter) (D)
  13 tarantellas (D)
  A redback (shapeshifter) (D)
  3 wraiths (D)
  2 ushabtiu (D)
  A wyvern (D)
  2 fire elementals (D)
  A human (shapeshifter) (D)
  A basilisk (D)
  A neqoxec (D)
  A naga (shapeshifter) (D)
  4 steam dragons (D)
  9 nagas (D)
  A swamp worm (shapeshifter) (D)
  A hell hound (D)
  2 acid dragons (D)
  7 water moccasins (D)
  A floating eye (D)
  An ogre (D)
  4 wolves (D)
  A bullfrog (D)
  4 earth elementals (D)
  A crimson imp (D)
  3 quasits (D)
  A jelly (D)
  4 iron imps (D)
  3 iguanas (D)
  A mummy (D)
  2 adders (D)
  3 shadow imps (D)
  3 white imps (D)
  An ufetubus (D)
  2 spectral adders (D)
  2 adder zombies (D)
  5 adder skeletons (D)
  An orc (shapeshifter) (D)
  2 spectral bats (D)
  A bat skeleton (D)
  2 bat zombies (D)
  An endoplasm (D)
  2 ball pythons (D)
  5 ball python skeletons (D)
  3 ball python zombies (D)
  A giant cockroach zombie (D)
  A jackal skeleton (D)
  A jackal zombie (D)
  2 quokka skeletons (D)
  A spectral ball python (D)
  A spectral jackal (D)
499 creatures vanquished.

Vanquished Creatures (collateral kills)
  A golden dragon (D)
  A draconian knight (D)
  A yellow draconian (D)
  A two-headed ogre (D)
  A soul eater (D)
  3 iron golems (D)
  3 orb spiders (D)
  A naga mage (D)
  A merfolk (D)
  2 slime creatures (D)
  2 nagas (D)
  An earth elemental (D)
  An iguana (D)
  2 river rats (D)
  A jackal zombie (D)
22 creatures vanquished.

Vanquished Creatures (others)
  A nagaraja (D)
  A frost giant (D)
  A fire dragon (D)
  A rime drake (D)
  A large abomination (D)
  A bat skeleton (D)
  A giant cockroach zombie (D)
  2 starspawn tentacles (D)
9 creatures vanquished.

Grand Total: 530 creatures vanquished

Notes
Turn   | Place    | Note
-------+----------+-------------------------------------------
     0 | D        | Banquo the Formicid Fighter began the quest for the Orb.
     0 | D        | Reached XP level 1. HP: 18/18 MP: 1/1
     0 | D        | Found a shimmering blue altar of Sif Muna.
     0 | D        | Found a bloodstained altar of Trog.
     0 | D        | Found a sacrificial altar of Ru.
     0 | D        | Found a stormy altar of Qazlal.
     0 | D        | Found an iron altar of Okawaru.
     3 | D        | Found a sparkling altar of Nemelex Xobeh.
     3 | D        | Found the +6 Majin-Bo {vamp, MP+6 Int+6}
     3 | D        | Found the +9 heavy crossbow "Sniper" {vorpal, Acc+∞ SInv}
     3 | D        | Found the +10 dark maul {vorpal}
     3 | D        | Found the +15 Maxwell's patent armour {-Cast -Tele rElec
                  | Will+ rCorr}
     3 | D        | Found the +18 shield of the Gong {rElec rN+ Will+ EV-5}
     3 | D        | Found the +14 obsidian axe {vorpal, Mesm Drain Fly SInv}
     3 | D        | Found the +7 great mace "Firestarter" {inner flame, rF++}
     3 | D        | Found the +6 shillelagh "Devastator" {shatter}
     3 | D        | Found the +11 plutonium sword {Contam Stlth-}
     3 | D        | Found the +8 lance "Wyrmbane" {slay drac, rPois rF+ rC+
                  | AC+3}
     3 | D        | Found the +9 sword of Zonguldrok {reap}
     3 | D        | Found the +13 scythe of Curses {drain, Drain}
     3 | D        | Found the +5 sword of Power {vorpal}
     3 | D        | Found the +7 mace of Variability {chain chaos}
     3 | D        | Found the +7 Singing Sword {vorpal, sonic wave}
     3 | D        | Found the +8 storm bow {elec, penet}
     5 | D        | Found a corrupted altar of Lugonu.
     5 | D        | Found an ancient bone altar of Kikubaaqudgha.
     5 | D        | Found a burning altar of Makhleb.
     5 | D        | Found a transporter.
     5 | D        | Found a viscous altar of Jiyva.
     5 | D        | Found a hazy altar of Hepliaklqana.
    31 | D        | Found an opulent altar of Gozag.
    32 | D        | Found a blossoming altar of Fedhas.
    64 | D        | Became a worshipper of Cheibriados the Contemplative
    89 | D        | Reached skill level 5 in Shields
    89 | D        | Reached XP level 2. HP: 26/26 MP: 2/2
    95 | D        | Entered arena 2.
    95 | D        | Noticed a two-headed ogre
    95 | D        | Noticed an ogre
    95 | D        | Found a transporter.
    99 | D        | Killed an ogre
    99 | D        | Killed a two-headed ogre
   100 | D        | Reached skill level 10 in Shields
   100 | D        | Reached XP level 3. HP: 36/40 MP: 3/3
   100 | D        | Reached XP level 4. HP: 42/46 MP: 4/4
   100 | D        | Reached XP level 5. HP: 47/52 MP: 5/5
   100 | D        | Reached XP level 6. HP: 54/59 MP: 6/6
   100 | D        | Reached XP level 7. HP: 58/64 MP: 7/7
   123 | D        | Entered arena 3.
   123 | D        | Found a transporter.
   125 | D        | Reached * piety under Cheibriados
   127 | D        | Reached ** piety under Cheibriados
   128 | D        | Reached skill level 1 in Invocations
   137 | D        | Entered arena 4.
   137 | D        | Noticed a merfolk
   137 | D        | Noticed a merfolk
   137 | D        | Noticed a merfolk
   137 | D        | Noticed a merfolk
   137 | D        | Found a transporter.
   141 | D        | Killed a merfolk
   142 | D        | Reached XP level 8. HP: 43/72 MP: 7/9
   143 | D        | Killed a merfolk
   145 | D        | Killed a merfolk
   145 | D        | Reached *** piety under Cheibriados
   145 | D        | Killed a merfolk
   146 | D        | Reached skill level 10 in Fighting
   146 | D        | Reached skill level 10 in Armour
   333 | D        | Entered arena 5.
   333 | D        | Noticed a wretched star
   333 | D        | Found a transporter.
   336 | D        | Reached **** piety under Cheibriados
   337 | D        | Reached skill level 5 in Invocations
   337 | D        | Killed a wretched star
   338 | D        | Reached skill level 10 in Axes
   338 | D        | Reached XP level 9. HP: 47/79 MP: 11/13
   348 | D        | Got the ring of Luti {rC+ Int+6 Stlth+}
   358 | D        | Entered arena 6.
   358 | D        | Found a transporter.
   362 | D        | Reached ***** piety under Cheibriados
   374 | D        | Got the amulet of Knowledge {Faith Str+4 Int+5}
   377 | D        | Entered arena 7.
   377 | D        | Noticed a slime creature
   377 | D        | Noticed a slime creature
   377 | D        | Noticed a slime creature
   378 | D        | Found a transporter.
   382 | D        | Reached ****** piety under Cheibriados
   383 | D        | Killed a slime creature
   384 | D        | Killed a slime creature
   385 | D        | Killed a slime creature
   410 | D        | Entered arena 8.
   410 | D        | Noticed a guardian mummy
   411 | D        | Found a transporter.
   415 | D        | Reached XP level 10. HP: 82/88 MP: 10/16
   418 | D        | Noticed a sixfirhy
   430 | D        | Got the Almanac of Grandeur
   475 | D        | Entered arena 9.
   475 | D        | Found the +5 scythe "Finisher" {speed, eviscerate}
   475 | D        | Noticed a draconian
   475 | D        | Noticed a white draconian
   475 | D        | Noticed a draconian
   475 | D        | Noticed a draconian
   475 | D        | Noticed a yellow draconian
   475 | D        | Noticed a draconian
   475 | D        | Noticed a black draconian
   478 | D        | Killed a draconian
   479 | D        | Found a transporter.
   481 | D        | Killed a draconian
   482 | D        | Killed a draconian
   482 | D        | Killed a yellow draconian
   482 | D        | Killed a white draconian
   483 | D        | Reached XP level 11. HP: 32/95 MP: 2/19
   484 | D        | Killed a draconian
   485 | D        | Killed a black draconian
   499 | D        | Got the ring "Sirirhoija" {rElec Dex+2 Slay+4}
   572 | D        | Entered arena 10.
   573 | D        | Found a transporter.
   578 | D        | Reached skill level 15 in Shields
   593 | D        | Got the Guide on Noxious Unholy Rites
   599 | D        | Got the Almanac of Noxious Malediction
   603 | D        | Entered arena 11.
   604 | D        | Found a transporter.
   607 | D        | Reached skill level 15 in Axes
   647 | D        | Entered arena 12.
   647 | D        | Noticed an anaconda
   647 | D        | Noticed a nagaraja
   648 | D        | Noticed an anaconda
   650 | D        | Killed an anaconda
   650 | D        | Killed an anaconda
   651 | D        | Reached skill level 15 in Invocations
   651 | D        | Reached XP level 12. HP: 79/103 MP: 11/23
   654 | D        | Killed a nagaraja
   657 | D        | Found a transporter.
   680 | D        | Entered arena 13.
   680 | D        | Noticed a five-headed hydra
   680 | D        | Noticed an eight-headed hydra
   680 | D        | Noticed a death yak
   684 | D        | Killed a death yak
   684 | D        | Killed an eight-headed hydra
   684 | D        | Killed a five-headed hydra
   686 | D        | Found a transporter.
   693 | D        | Got the ring "Fyutint" {Drain Fly rF- Dex+6 SInv}
   783 | D        | Entered arena 14.
   784 | D        | Noticed a hell hog
   784 | D        | Noticed a fire dragon
   784 | D        | Noticed a hell hog
   784 | D        | Noticed a hell hog
   784 | D        | Noticed a hell hog
   784 | D        | Noticed a fire giant
   785 | D        | Noticed a fire giant
   785 | D        | Noticed a fire dragon
   787 | D        | Killed a hell hog
   787 | D        | Killed a hell hog
   787 | D        | Killed a hell hog
   787 | D        | Killed a hell hog
   788 | D        | Reached skill level 5 in Dodging
   788 | D        | Reached XP level 13. HP: 103/111 MP: 14/26
   790 | D        | Killed a fire dragon
   792 | D        | Killed a fire dragon
   794 | D        | Killed a fire giant
   795 | D        | Killed a fire giant
   798 | D        | Found a transporter.
   879 | D        | Entered arena 15.
   880 | D        | Noticed an iron dragon
   881 | D        | Noticed an iron dragon
   881 | D        | Noticed an iron dragon
   889 | D        | Killed an iron dragon
   893 | D        | Killed an iron dragon
   899 | D        | Killed an iron dragon
   901 | D        | Found a transporter.
   984 | D        | Entered arena 16.
   985 | D        | Noticed a yellow draconian
   985 | D        | Noticed a white draconian
   985 | D        | Noticed a green draconian
   985 | D        | Noticed a green draconian
   985 | D        | Noticed a black draconian
   985 | D        | Noticed a black draconian
   985 | D        | Noticed a green draconian
   985 | D        | Noticed a green draconian
   985 | D        | Noticed a white draconian
   985 | D        | Noticed a white draconian
   985 | D        | Noticed a green draconian knight
   985 | D        | Identified the +3 dire flail of Boall {freeze, rF+ Will+}
   985 | D        | Noticed a white draconian
   986 | D        | Noticed a yellow draconian
   986 | D        | Noticed a purple draconian
   990 | D        | Killed a white draconian
   990 | D        | Killed a green draconian
   991 | D        | Killed a green draconian
   991 | D        | Killed a white draconian
   991 | D        | Killed a green draconian knight
   991 | D        | Killed a yellow draconian
   991 | D        | Killed a black draconian
   991 | D        | Killed a black draconian
   991 | D        | Killed a white draconian
   991 | D        | Killed a yellow draconian
   992 | D        | Reached XP level 14. HP: 49/120 MP: 4/29
   992 | D        | Killed a green draconian
   992 | D        | Killed a green draconian
   993 | D        | Found a transporter.
   994 | D        | Killed a white draconian
   994 | D        | Killed a purple draconian
  1249 | D        | Entered arena 17.
  1252 | D        | Noticed a frost giant
  1252 | D        | Noticed a frost giant
  1253 | D        | Noticed a frost giant
  1259 | D        | Reached skill level 10 in Dodging
  1259 | D        | Killed a frost giant
  1261 | D        | Killed a frost giant
  1261 | D        | Killed a frost giant
  1262 | D        | Reached XP level 15. HP: 70/127 MP: 6/31
  1262 | D        | Found a transporter.
  1417 | D        | Entered arena 18.
  1420 | D        | Found the +8 demon blade "Leech" {vamp, *Rage +Rage rN+}
  1429 | D        | Found a transporter.
  1439 | D        | Got the ring "Beril" {Ice Str+3 Dex+3}
  1508 | D        | Entered arena 19.
  1511 | D        | Noticed a shadow dragon
  1512 | D        | Noticed a shadow dragon
  1523 | D        | Killed a shadow dragon
  1525 | D        | Killed a shadow dragon
  1526 | D        | Reached skill level 15 in Fighting
  1526 | D        | Reached skill level 15 in Armour
  1526 | D        | Reached skill level 27 in Invocations
  1526 | D        | Found a transporter.
  1583 | D        | Entered arena 20.
  1588 | D        | Noticed a yellow draconian scorcher
  1588 | D        | Noticed a tentacled starspawn
  1588 | D        | Found the brooch of Shielding {Spirit SH+8}
  1588 | D        | Noticed an Executioner
  1591 | D        | Killed an Executioner
  1593 | D        | Killed a tentacled starspawn
  1594 | D        | Killed a yellow draconian scorcher
  1599 | D        | Found a transporter.
  1634 | D        | Got the amulet "Cecute" {Acrobat rPois}
  1660 | D        | Entered arena 21.
  1667 | D        | Noticed a nagaraja
  1667 | D        | Noticed a nagaraja
  1668 | D        | Noticed a nagaraja
  1671 | D        | Killed a nagaraja
  1674 | D        | Killed a nagaraja
  1681 | D        | Reached XP level 16. HP: 95/139 MP: 24/33
  1685 | D        | Killed a nagaraja
  1697 | D        | Found a transporter.
  1716 | D        | Got the Papyrus of Changing
  1733 | D        | Got the ring of the Jester {Will+ Str+6 Int+4}
  1749 | D        | Got the ring of Ivvyisui {MP+9 Str-5 Int+2 SInv}
  1806 | D        | Entered arena 22.
  1810 | D        | Noticed a shard shrike
  1810 | D        | Noticed a shard shrike
  1810 | D        | Noticed a caustic shrike
  1810 | D        | a shard shrike changed into a caustic shrike
  1811 | D        | Noticed a shard shrike
  1811 | D        | Noticed a shard shrike
  1811 | D        | Noticed a shard shrike
  1811 | D        | Noticed a juggernaut
  1811 | D        | a shard shrike changed into a juggernaut
  1811 | D        | Noticed a juggernaut
  1811 | D        | a shard shrike changed into a juggernaut
  1811 | D        | Noticed a titan
  1811 | D        | a juggernaut changed into a titan
  1811 | D        | Noticed an iron giant
  1812 | D        | Killed a shard shrike
  1812 | D        | Noticed a rockslime
  1812 | D        | a juggernaut changed into a rockslime
  1812 | D        | Noticed a titan
  1813 | D        | Killed a shard shrike
  1813 | D        | Noticed a rockslime
  1814 | D        | Killed a caustic shrike
  1814 | D        | Killed a rockslime
  1814 | D        | Noticed a titan
  1814 | D        | a rockslime changed into a titan
  1814 | D        | Noticed a caustic shrike
  1814 | D        | an iron giant changed into a caustic shrike
  1814 | D        | Noticed a shard shrike
  1814 | D        | a titan changed into a shard shrike
  1814 | D        | Noticed a titan
  1815 | D        | Killed a shard shrike
  1815 | D        | Noticed an iron giant
  1815 | D        | a caustic shrike changed into an iron giant
  1816 | D        | Killed a titan
  1816 | D        | Noticed a juggernaut
  1816 | D        | a titan changed into a juggernaut
  1817 | D        | Found the ring of Shadows {Umbra +Inv Stlth+}
  1817 | D        | Noticed a shard shrike
  1817 | D        | a titan changed into a shard shrike
  1817 | D        | Noticed a golden dragon
  1817 | D        | an iron giant changed into a golden dragon
  1818 | D        | Found a transporter.
  1818 | D        | Noticed a shard shrike
  1818 | D        | a juggernaut changed into a shard shrike
  1818 | D        | Noticed a rockslime
  1818 | D        | a shard shrike changed into a rockslime
  1818 | D        | Noticed a shadow dragon
  1818 | D        | a golden dragon changed into a shadow dragon
  1822 | D        | Noticed a rockslime
  1822 | D        | a shard shrike changed into a rockslime
  1823 | D        | Noticed a golden dragon
  1823 | D        | a rockslime changed into a golden dragon
  1825 | D        | Killed a rockslime
  1828 | D        | Killed a golden dragon
  1828 | D        | Killed a shadow dragon
  1829 | D        | Reached XP level 17. HP: 131/151 MP: 3/34
  1852 | D        | Got the ring "Keaquoh" {rPois Will+ rCorr}
  1882 | D        | Acquired the ring of Creativity {rCorr Int+4 Dex-3 Slay+4
                  | Stlth+}
  1884 | D        | Acquired a manual of Axes
  1915 | D        | Entered arena 23.
  1922 | D        | Noticed a shard shrike
  1923 | D        | Killed a shard shrike
  1926 | D        | Found the +12 glaive of Prune {vorpal}
  1928 | D        | Found a transporter.
  1948 | D        | Got the ring "Yqiconoj" {rPois Will- rCorr Int+6}
  1969 | D        | Got the +2 pair of boots "Ruxtexke" {rPois rF+ rN+ Dex-2}
  1991 | D        | Entered arena 24.
  1997 | D        | Noticed an ancient lich
  1997 | D        | Noticed a lich
  1997 | D        | Noticed an ancient lich
  1997 | D        | Noticed a lich
  1997 | D        | Noticed a lich
  1997 | D        | Noticed a lich
  1997 | D        | Noticed a shadow dragon
  1997 | D        | Found the +9 scales of the Dragon King {rPois rF+ rC+
                  | Will+}
  1997 | D        | Noticed a lich
  1997 | D        | Noticed a lich
  1998 | D        | Noticed an ancient lich
  1998 | D        | Noticed a lich
  1998 | D        | Noticed an ancient lich
  1998 | D        | Noticed a lich
  1998 | D        | Identified the +6 battleaxe "Daiwauv" {spect, Str+5 Dex+5}
  1998 | D        | Identified the ring of Fedhas's Felicitations {Fly Will+
                  | Dex+2}
  2001 | D        | Killed a lich
  2001 | D        | Killed an ancient lich
  2001 | D        | Killed a lich
  2002 | D        | Reached skill level 15 in Dodging
  2002 | D        | Killed an ancient lich
  2002 | D        | Killed a lich
  2002 | D        | Killed a lich
  2002 | D        | Killed a lich
  2003 | D        | Reached skill level 27 in Shields
  2003 | D        | Reached XP level 18. HP: 107/168 MP: 15/35
  2003 | D        | Killed a lich
  2003 | D        | Killed a lich
  2003 | D        | Killed a lich
  2004 | D        | Killed an ancient lich
  2006 | D        | Killed an ancient lich
  2015 | D        | Found a transporter.
  2082 | D        | Got the Tome of Gliding Stones
  2169 | D        | Entered arena 25.
  2181 | D        | Reached XP level 19. HP: 141/182 MP: 20/36
  2181 | D        | Identified the ring "Nengytawnepp" {AC+4 SInv}
  2193 | D        | Found a transporter.
  2256 | D        | Got Kikubaaqudgha's Collected Works on Darkness
  2474 | D        | Entered arena 26.
  2485 | D        | Noticed an Orb Guardian
  2485 | D        | Noticed an Orb Guardian
  2485 | D        | Noticed an Orb Guardian
  2485 | D        | Noticed an Orb Guardian
  2485 | D        | Noticed an Orb Guardian
  2485 | D        | Noticed a golden dragon
  2485 | D        | Found the +8 mithril axe "Arga" {speed, Will+}
  2485 | D        | Noticed an Orb Guardian
  2485 | D        | Noticed an Orb Guardian
  2485 | D        | Noticed an Orb Guardian
  2485 | D        | Noticed an Orb Guardian
  2486 | D        | Noticed an Orb Guardian
  2488 | D        | Killed an Orb Guardian
  2488 | D        | Killed an Orb Guardian
  2488 | D        | Killed an Orb Guardian
  2488 | D        | Killed an Orb Guardian
  2488 | D        | Killed an Orb Guardian
  2488 | D        | Killed an Orb Guardian
  2488 | D        | Killed an Orb Guardian
  2488 | D        | Killed an Orb Guardian
  2488 | D        | Noticed a golden dragon
  2489 | D        | Reached skill level 27 in Fighting
  2489 | D        | Reached skill level 27 in Axes
  2489 | D        | Killed an Orb Guardian
  2489 | D        | Noticed an Orb Guardian
  2490 | D        | Identified the amulet of Govemne {Faith rElec rC+ Int+4}
  2490 | D        | Noticed an Orb Guardian
  2490 | D        | Noticed an Orb Guardian
  2491 | D        | Noticed an Orb Guardian
  2491 | D        | Noticed a tentacled monstrosity
  2491 | D        | Identified the ring "Betis" {rPois rF+ Str-3 Slay+4 Stlth+}
  2491 | D        | Noticed an Orb Guardian
  2491 | D        | Identified the +6 war axe of the Glowing Moth {venom,
                  | rPois}
  2492 | D        | Reached skill level 27 in Armour
  2492 | D        | Killed a golden dragon
  2492 | D        | Killed an Orb Guardian
  2493 | D        | Reached XP level 20. HP: 115/197 MP: 3/37
  2499 | D        | Killed a golden dragon
  2507 | D        | Killed a tentacled monstrosity
  2511 | D        | Reached skill level 27 in Dodging
  2511 | D        | Reached skill level 5 in Evocations
  2537 | D        | Found a transporter.
  2599 | D        | Got the +0 pair of boots of an ossuary {rPois rF+ Dex+4}
  2624 | D        | Got Vehumet's Guide on Conjuration
  2753 | D        | Entered arena 27.
  2761 | D        | Noticed a tentacled monstrosity
  2762 | D        | Noticed a tentacled monstrosity
  2762 | D        | Noticed a tentacled monstrosity
  2762 | D        | Identified the +7 scythe of Kidieg {protect, Will+ Str+4
                  | Stlth+}
  2762 | D        | Noticed a tentacled monstrosity
  2762 | D        | Identified the +11 whip of the Omega Point {protect, rF+
                  | rC+ Int-4}
  2765 | D        | Identified the ring of Myurgh {rC+ Str+3 Int+3 Slay+3}
  2766 | D        | Reached XP level 21. HP: 197/204 MP: 23/38
  2769 | D        | Reached skill level 27 in Evocations
  2770 | D        | Reached skill level 15 in Polearms
  2794 | D        | Found a transporter.
  2885 | D        | Entered arena 28.
  2901 | D        | Reached skill level 15 in Maces & Flails
  2908 | D        | Reached XP level 22. HP: 212/212 MP: 0/39
  2930 | D        | Found a transporter.
  2966 | D        | Got the Volume of Igneous Poisoning
  2973 | D        | Got the Disquisition on Ice
  2994 | D        | Got A Thorough Guide to the Hermit's Heritage
  3007 | D        | Got Wizath's Catalogue of Necromancy and Execration
  3064 | D        | Got the Orb of Zot
  3069 | D        | Escaped with the Orb!

Illustrated notes

Levels and vault maps discovered:
D:        sprint_v [room_start, room_1, room_2, room_3, room_4, room_5, room_6,
          room_7, room_8, room_9, room_10, room_11, room_12, room_13, room_14,
          room_15, room_16, room_17, room_18, room_19, room_20, room_21,
          room_22, room_23, room_24, room_25, room_26, room_27]

Skill      XL: |  1  2  3  4  5  6  7  8  9 10 11 12 13 14 15 16 17 18 19 20 21 22 |
---------------+-------------------------------------------------------------------+-----
Fighting       | 4 9 10 11 12 13 14 16 18 21 24 27 | 27.0
Axes           | 3 7 10 11 13 15 16 17 18 19 20 24 26 27 | 27.0
Armour         | 4 9 10 11 12 13 14 17 19 21 23 27 | 27.0
Dodging        | 2 5 9 10 12 14 16 18 22 27 | 27.0
Shields        | 5 10 12 13 14 15 18 23 27 | 27.0
Invocations    | 2 6 8 11 15 18 23 25 27 | 27.0
Evocations     | 21 27 | 27.0
Polearms       | 18 | 18.5
Maces & Flails | 18 20 | 20.8

Action                   |  1- 3 |  4- 6 |  7- 9 | 10-12 | 13-15 | 16-18 | 19-21 | 22-24 || total
-------------------------+-------+-------+-------+-------+-------+-------+-------+-------++-------
Melee: Broad axe         |     3 |       |    27 |    23 |    54 |    27 |    45 |    17 ||   196
Invok: Slouch            |       |       |     1 |    14 |    27 |    16 |    21 |       ||    79
  Use: Potion            |     1 |       |       |       |       |       |     5 |       ||     6
       Scroll            |       |       |       |       |       |     4 |     5 |     1 ||    10
 Stab: Distracted        |       |       |     1 |     1 |       |       |     1 |       ||     3
Armor: Gold dragon scale |       |       |     6 |     8 |    33 |    16 |    31 |     4 ||    98
Dodge: Dodged            |       |       |     3 |     2 |    24 |    23 |    54 |    14 ||   120
Block: Kite shield       |     5 |       |    49 |    33 |   101 |    89 |   151 |    47 ||   475
       Reflection        |       |       |       |       |    10 |     6 |    15 |       ||    31
